 Dungeon Crawl Stone Soup version 0.26.1-11-gd32895ea62 (webtiles) character file.

Game seed: 10826297991845799177

2240 Almogavar the Destroyer (level 9, -1/67 HPs)
             Began as a Green Draconian Conjurer on May 23, 2021.
             Was a Follower of Nemelex Xobeh.
             Killed from afar by Harold (7 damage)
             ... with a bolt of acid
             ... on level 8 of the Dungeon.
             The game lasted 00:29:30 (7070 turns).

Almogavar the Destroyer (Green Draconian Conjurer)  Turns: 7070, Time: 00:29:31

Health: -1/67      AC:  8    Str:  9    XL:     9   Next: 14%
Magic:  17/19      EV: 13    Int: 29    God:    Nemelex Xobeh [*.....]
Gold:   368        SH:  0    Dex:  9    Spells: 16/22 levels left

rFire    . . .     SeeInvis .   t - +4 long sword
rCold    . . .     Faith    .   (no shield)
rNeg     . . .     Spirit   .   (armour unavailable)
rPois    +         Reflect  .   (helmet restricted)
rElec    .         Harm     .   o - +0 cloak (curse)
rCorr    +         Rampage  .   (no gloves)
Will     .....                  (no boots)
Stlth    ++........             k - amulet of magic regeneration
HPRegen  0.21/turn              c - +6 ring of intelligence
MPRegen  0.41/turn              w - ring of resist corrosion

@: marked
A: breathe noxious fumes, unfitting armour, poison resistance, cold-blooded, AC
+7
a: Breathe Noxious Fumes, Renounce Religion, Draw Escape, Draw Destruction, Draw
Summoning


You were on level 8 of the Dungeon.
You worshipped Nemelex Xobeh.
Nemelex Xobeh was aware of your devotion.
You visited 1 branch of the dungeon, and saw 8 of its levels.

You collected 368 gold pieces.

Inventory:

Hand Weapons
 t - a +4 long sword (weapon)
 u - a +2 falchion of freezing
Armour
 o - a cursed +0 cloak (worn)
Jewellery
 c - a +6 ring of intelligence (left hand)
 e - an uncursed amulet of guardian spirit
 k - an amulet of magic regeneration (around neck)
 w - a ring of resist corrosion (right hand)
Wands
 l - a wand of paralysis (6)
 s - a wand of iceblast (10)
Scrolls
 a - 2 scrolls of teleportation
 b - 2 scrolls of enchant armour
 f - a scroll of magic mapping
 h - 2 scrolls of amnesia
 n - a scroll of remove curse {unknown}
 p - 2 scrolls of random uselessness {unknown}
 v - 2 scrolls of fear {unknown}
Potions
 d - 3 potions of curing
 g - 5 potions of heal wounds
 i - a potion of magic
 j - 3 potions of lignification
 m - a potion of might {unknown}
 q - a potion of mutation {unknown}
 r - a potion of berserk rage {unknown}


   Skills:
 + Level 1.7 Fighting
 - Level 0.3 Short Blades
 + Level 3.7 Dodging
 + Level 4.1 Stealth
 + Level 7.2 Spellcasting
 + Level 8.6 Conjurations


You had 16 spell levels left.
You knew the following spells:

 Your Spells              Type           Power        Failure   Level
a - Magic Dart            Conj           100%         1%          1
b - Searing Ray           Conj           100%         1%          2
c - Dazzling Flash        Conj/Hex       70%          2%          3

Your spell library contained the following spells:

 Spells                   Type           Power        Failure   Level
 Fulminant Prism          Conj/Hex       17%          9%          4
 Iskenderun's Mystic Bla  Conj/Tloc      35%          9%          4


Dungeon Overview and Level Annotations

Branches:
Dungeon (8/15)
 Temple: D:4-7         Lair: D:8-11

Altars:
Nemelex Xobeh
Qazlal
Ru
Trog
Uskayaw
Xom
Zin

Annotations:
D:3 3 runed translucent doors, RyoHazuki's ghost, amateur HaHu; portoporto's ghost, amateur DENe
D:8 Harold


Innate Abilities, Weirdness & Mutations

You can breathe blasts of noxious fumes.
Your lurid green scales are hard. (AC +7)
You cannot fit into any form of body armour.
Your system is resistant to poisons. (rPois)
You are cold-blooded and may be slowed by cold attacks.


Message History

Aim: an adder (28% to evade)
The searing ray misses the adder. (Press . to maintain the ray.)
The adder bites you but does no damage.
Casting: Searing Ray (safe; 1% risk of failure)
Confirm with . or Enter, or press ? or * to list all spells.
Aiming: Searing Ray (safe; 1% risk of failure)
Press: ? - help, Shift-Dir - straight line, f/p - adder
Aim: an adder (28% to evade)
The searing ray hits the adder!
You kill the adder! (Press . to maintain the ray.)
You see here an adder corpse.
Harold zaps a wand.
The bolt of acid hits you. You resist.
* * * LOW HITPOINT WARNING * * *
You are splashed with acid.
You resist.
* * * LOW HITPOINT WARNING * * *
Harold zaps a wand.
The bolt of acid hits you! You resist.
You die...
Your body disappears without a glow.

# ########.##.# #.# #
#.##.# #.# # #.##.#
#.# # #.##(# #r# #
#.##.# #@# # #.##.#
#†# # #####.##.# #.#
######.......)###.####
r..(.@.###......@....#
######.†>.....#...##.#
#.###.#.###.###.# #.#
#..## ##.##.# #.#
#.#.###.###.# #.#
#.##.#.## #.# #.#
#.##..## #.# ..#
#.##.## #.# ###
#.#.#.#####.#


You could see Harold and a quokka.

Vanquished Creatures
  Prince Ribbit (D:8)
  Duvessa (D:4)
  A hornet zombie (D:7)
  2 orc warriors
  A black bear (D:6)
  A sky beast (D:5)
  An ice beast (D:6)
  2 phantoms
  2 ogres
  2 bullfrogs
  2 scorpions
  Dowan (D:5)
  2 howler monkeys (D:6)
  A centaur zombie (D:5)
  2 jellies (D:6)
  2 orc priests
  4 hounds
  3 worker ants (D:5)
  9 gnolls
  9 adders
  A shadow imp (D:8)
  2 white imps (D:6)
  3 ufetubi
  An adder zombie (D:7)
  A worm (D:4)
  2 dart slugs
  6 leopard geckos
  16 orcs
  4 giant cockroaches
  7 goblins
  14 hobgoblins
  13 jackals
  7 kobolds
  2 quokkas
  4 ball pythons
  8 bats
  7 frilled lizards
  6 rats
153 creatures vanquished.

Vanquished Creatures (others)
  6 withered plants (D:3)
6 creatures vanquished.

Grand Total: 159 creatures vanquished

Notes
Turn   | Place    | Note
-------+----------+-------------------------------------------
     0 | D:1      | Almogavar the Draconian Conjurer began the quest for the
                  | Orb.
     0 | D:1      | Reached XP level 1. HP: 14/14 MP: 3/3
   201 | D:1      | Reached XP level 2. HP: 20/20 MP: 0/5
   600 | D:1      | Learned a level 2 spell: Searing Ray
   873 | D:1      | Reached XP level 3. HP: 26/26 MP: 4/6
  1740 | D:2      | Reached XP level 4. HP: 33/33 MP: 3/8
  1784 | D:2      | Found a sacrificial altar of Ru.
  2680 | D:3      | Reached skill level 5 in Conjurations
  3216 | D:3      | Found a runed translucent gate.
  3217 | D:3      | Found a runed translucent gate.
  3218 | D:3      | Found a runed translucent gate.
  3219 | D:3      | Noticed portoporto's ghost (amateur DENe)
  3219 | D:3      | Noticed RyoHazuki's ghost (amateur HaHu)
  3350 | D:3      | Reached XP level 5. HP: 38/38 MP: 7/9
  3433 | D:3      | Found a shimmering altar of Xom.
  3433 | D:3      | Found a bloodstained altar of Trog.
  3440 | D:3      | Found a sparkling altar of Nemelex Xobeh.
  3442 | D:3      | Found a hide-covered altar of Uskayaw.
  3444 | D:3      | Found a stormy altar of Qazlal.
  3449 | D:3      | Became a worshipper of Nemelex Xobeh the Trickster
  4152 | D:4      | Found a glowing silver altar of Zin.
  4481 | D:5      | Entered Level 5 of the Dungeon
  4481 | D:5      | Noticed Duvessa
  4481 | D:5      | Noticed Dowan
  4485 | D:5      | Killed Dowan
  4486 | D:5      | Reached XP level 6. HP: 45/45 MP: 5/12
  4497 | D:4      | Killed Duvessa
  4715 | D:5      | Reached skill level 6 in Conjurations
  4774 | D:5      | Your scales start taking on a lurid green colour.
  4774 | D:5      | Reached XP level 7. HP: 50/50 MP: 8/13
  4774 | D:5      | Gained mutation: Your system is resistant to poisons.
                  | (rPois) [Green Draconian growth]
  5081 | D:5      | Reached * piety under Nemelex Xobeh
  5188 | D:5      | Reached skill level 5 in Spellcasting
  5499 | D:6      | Received a gift from Nemelex Xobeh
  5557 | D:6      | Reached skill level 7 in Conjurations
  5562 | D:6      | Reached XP level 8. HP: 58/58 MP: 8/16
  5946 | D:6      | Reached skill level 1 in Fighting
  6057 | D:6      | Learned a level 3 spell: Dazzling Flash
  6421 | D:7      | Reached skill level 8 in Conjurations
  6849 | D:7      | You fall into a shaft and drop 1 floor!
  6917 | D:8      | Reached XP level 9. HP: 66/66 MP: 15/19
  7005 | D:8      | Noticed Harold
  7009 | D:8      | Noticed Prince Ribbit
  7020 | D:8      | Killed Prince Ribbit
  7070 | D:8      | Killed from afar by Harold

Illustrated notes

Levels and vault maps discovered:
D:1:      giann_horns, layout_rooms, minmay_misc_feat_rows,
          columned_hall_lemuel, hex_intersection
D:2:      layout_basic, overflow_temple_1_default, minmay_surrounded
D:3:      layout_loops_corners, chequers_temple_overflow_minitemple,
          gammafunk_ghost_cemetery, roderic_roman_lattice, lemuel_flame_loot_1
D:4:      layout_basic, zin_treasury
D:5:      layout_basic, uniq_duvessa
D:6:      layout_basic
D:7:      layout_loops_cross, lemuel_temple_firewalk_b
D:8:      layout_loops_ring, lemuel_doored_altar, uniq_pikel, uniq_psyche,
          uniq_prince_ribbit1, uniq_harold, uniq_joseph

Skill      XL: |  1  2  3  4  5  6  7  8 |
---------------+-------------------------+-----
Dodging        | 2 3 |  3.7
Stealth        | 2 3 4 |  4.1
Spellcasting   | 3 4 5 7 |  7.2
Conjurations   | 5 6 7 8 |  8.6
Fighting       | 1 |  1.7
Short Blades   | |  0.3

Action                   |  1- 3 |  4- 6 |  7- 9 || total
-------------------------+-------+-------+-------++-------
Melee: Unarmed           |    16 |       |       ||    16
       Dagger            |     9 |    12 |       ||    21
       Tailslap          |     2 |     1 |       ||     3
       Long sword        |       |       |     1 ||     1
 Cast: Magic Dart        |    71 |    53 |    26 ||   150
       Searing Ray       |     3 |    19 |    58 ||    80
  Use: Scroll            |       |     2 |     7 ||     9
Armor: Skin              |    22 |     9 |     4 ||    35
Dodge: Dodged            |    33 |    25 |    18 ||    76
       Rpst.: Long sword |       |       |     2 ||     2
